 Dungeon Crawl Stone Soup version 0.30-a0-779-g7971cf19c3 (webtiles) character file.

Game seed: 105912057785749456

8421 demibob the Severer (level 11, -3/94 HPs)
             Began as a Hill Orc Fighter on Feb 17, 2023.
             Was a Believer of Beogh.
             Shot with an arrow by a centaur (7 damage)
             ... on level 9 of the Dungeon.
             The game lasted 00:10:14 (6643 turns).

demibob the Severer (Hill Orc Fighter)              Turns: 6643, Time: 00:10:14

Health: -3/94      AC:  6    Str: 20    XL:     11   Next: 30%
Magic:  11/11      EV:  9    Int:  8    God:    Beogh [**....]
Gold:   412        SH:  0    Dex: 14    Spells: 10/10 levels left

rFire   . . .      SeeInvis .    a - +1 war axe (venom)
rCold   . . .      Faith    .    (no shield)
rNeg    . . .      Spirit   .    b - +0 scale mail
rPois   .          Reflect  .    c - +1 helmet
rElec   .          Harm     .    i - +0 cloak
rCorr   .          Rampage  .    l - +2 pair of gloves
Will    .....                    (no boots) Stlth
                                 (no amulet)
HPRegen 0.35/turn                (no ring)
MPRegen 0.12/turn                (no ring)

@: corroded, on berserk cooldown, slowed, very slow
A: no striking features
a: Renounce Religion, Smiting


You were on level 9 of the Dungeon.
You worshipped Beogh.
Beogh was pleased with you.
You visited 1 branch of the dungeon, and saw 9 of its levels.

You collected 594 gold pieces.
You spent 182 gold pieces at shops.


   Skills:
 + Level 8.1 Fighting
 + Level 19.0 Axes
 + Level 7.3 Armour
 - Level 3.2 Shields


You had 10 spell levels left.
You didn't know any spells.
Your spell library contained the following spells:

 Spells                   Type           Power      Damage    Failure   Level
 Slow                     Hex            0%         N/A       73%         1
 Sting                    Tmut/Pois      0%         1d3       73%         1
 Poisonous Vapours        Pois/Air       0%         N/A       86%         2
 Scorch                   Fire           0%         2d5       86%         2
 Sublimation of Blood     Necr           0%         N/A       86%         2
 Wereblood                Tmut           0%         N/A       86%         2
 Confusing Touch          Hex            0%         N/A       97%         3
 Kindle Blastsparks       Fire/Tloc/Air  0%         2d10      97%         3
 Tukima's Dance           Hex            0%         N/A       97%         3
 Vampiric Draining        Necr           0%         2d6       97%         3
 Vhi's Electric Charge    Tloc/Air       0%         N/A       97%         3
 Animate Armour           Summ/Erth      0%         N/A       100%        4
 Flame Wave               Conj/Fire      0%         2d4       100%        4
 Fulminant Prism          Conj/Hex       0%         3d5       100%        4
 Iskenderun's Mystic Bla  Conj/Tloc      0%         2d3       100%        4
 Olgreb's Toxic Radiance  Pois           0%         N/A       100%        4
 Passage of Golubria      Tloc           0%         N/A       100%        4
 Arcjolt                  Conj/Air       0%         1d10      100%        5
 Blade Hands              Tmut           0%         N/A       100%        5
 Lee's Rapid Deconstruct  Erth           0%         3d4*      100%        5
 Yara's Violent Unravell  Hex/Tmut       0%         3d3       100%        5
 Iron Shot                Conj/Erth      0%         9d1       100%        6
 Summon Cactus Giant      Summ           0%         N/A       100%        6
 Summon Hydra             Summ           0%         N/A       100%        7
 Maxwell's Capacitive Co  Air            0%         ∞         100%        8

Inventory:

Hand Weapons
 a - a +1 war axe of venom (weapon)
Armour
 b - a +0 scale mail (worn)
 c - a +1 helmet (worn)
 i - a +0 cloak (worn)
 l - a +2 pair of gloves (worn)
Magical Staves
 w - a staff of poison {!a}
Jewellery
 z - a ring of wizardry
 C - a ring of protection from cold
 I - a +6 ring of intelligence
 Z - a ring of wizardry
Wands
 k - a wand of paralysis (13)
 p - a wand of flame (16)
 u - a wand of roots (6)
 v - a wand of acid (14)
 x - a wand of polymorph (11)
Scrolls
 m - 3 scrolls of teleportation {@r2}
 o - 3 scrolls of enchant armour
 q - a scroll of magic mapping
 s - a scroll of brand weapon
Potions
 d - a potion of resistance
 e - 3 potions of attraction
 f - a potion of brilliance
 g - 4 potions of mutation
 j - 3 potions of flight
 n - 2 potions of degeneration
 A - a potion of magic

Dungeon Overview and Level Annotations

Branches:
Dungeon (9/15)             Temple (0/1) D:5
   Lair: D:8-11         Orc: D:9-12

Altars:
Fedhas
Nemelex Xobeh
Trog

Shops:
D:4 !   D:7 [

Annotations:
D:4 2 transporters, Pimp's ghost, amateur DrFE

########## #######........#
#.....#........#
#.....#........#
#....)#........#
#.....#........#
#.....#........######
#.....#.............#
#....##.......@.....#
###'########+##.....#
#.............#..(..#
#.............+.....#
#...<.........#.....#
#.............#.....#
#########.....#...c.########
#)....##...c.......#
#......#.....▒▒▒▒▒▒▒


You could see 2 centaurs.


Message History

A centaur comes into view.
The centaur shouts!
You slash the steam dragon!
The steam dragon looks as sick as possible!
The steam dragon is heavily wounded.
The steam dragon barely misses you. The steam dragon closely misses you.
You slash the steam dragon!
You kill the steam dragon!
Beogh accepts your kill.
A centaur comes into view.
You feel a strong urge to attack something.
You are no longer berserk.
You are exhausted.
You feel yourself slow down.
The centaur wields a +0 shortbow.
The centaur shoots an arrow.
The arrow barely misses you.
You hear an angry buzzing noise.
The centaur drinks a potion.
The centaur seems to speed up.
The centaur shoots an arrow.
The arrow hits you.
* * * LOW HITPOINT WARNING * * *
You hear a howl!
Okay, then.
Blink to where?
Press: ? - help, Dir - move target
As you read the scroll of blinking, it crumbles to dust.
The centaur wields a +0 shortbow.
The centaur shoots an arrow.
The arrow hits you!
* * * LOW HITPOINT WARNING * * *
The centaur shoots an arrow.
The arrow hits you!
You die...

Skill      XL: |  1  2  3  4  5  6  7  8  9 10 11 |
---------------+----------------------------------+-----
Axes           | 3 4 5 7 8 9 11 14 17 18 19 | 19.0
Fighting       | 7 8 |  8.1
Armour         | 6 7 |  7.3
Shields        | |  3.2

Action                     |  1- 3 |  4- 6 |  7- 9 | 10-12 || total
---------------------------+-------+-------+-------+-------++-------
  Melee: War axe           |    83 |   126 |   223 |   215 ||   647
         Punch             |     2 |     1 |     2 |     6 ||    11
 Invoke: Convert to Beogh  |       |       |     1 |       ||     1
  Evoke: Wand              |       |       |     1 |     2 ||     3
    Use: Potion            |     1 |     5 |     7 |     8 ||    21
         Scroll            |       |     9 |     7 |     7 ||    23
   Stab: Paralysed         |       |       |     2 |     4 ||     6
 Armour: Scale mail        |    47 |    73 |   105 |   112 ||   337
         Skin              |       |    11 |       |       ||    11
  Dodge: Dodged            |    34 |    50 |    81 |    76 ||   241

Levels and vault maps discovered:
D:1:      dpeg_arrival_refuge, layout_loops_cross, ebering_ecumenical_altar_box,
          minmay_heptomino_l4
D:2:      layout_loops_ring, kennysheep_generic_room_5
D:3:      layout_rooms, grunt_decor_junction, uniq_crazy_yiuf_cottage,
          uniq_robin, uniq_pargi
D:4:      layout_cave_pools, fedhas_altar_1, mainiacjoe_overflow_cross_hatched,
          gammafunk_ghost_mausoleum, serial_shops,
          nicolae_shop_advertising_works [nicolae_subvault_shop_adworks],
          grunt_ministairs_11, minmay_joined_circles
D:5:      layout_rooms, nemelex_xobeh_ov_fountains_minmay,
          minmay_temple_entry_glass
D:6:      layout_rooms, uniq_maggie
D:7:      layout_gridville, serial_shops, shop, kennysheep_path_1,
          roderic_roman_lattice
D:8:      layout_cave_pools, minmay_gold_behind_fungi, uniq_grum
D:9:      minmay_bloctagon, layout_gridville, ebering_ghost_reflecting_pool,
          minmay_misc_feat_more_columns, uniq_erica

Notes
Turn   | Place    | Note
-------+----------+-------------------------------------------
     0 | D:1      | demibob the Hill Orc Fighter began the quest for the Orb.
     0 | D:1      | Reached XP level 1. HP: 19/19 MP: 1/1
    52 | D:1      | Reached skill level 3 in Axes
   180 | D:1      | Found a faded altar of an unknown god.
   236 | D:1      | Reached XP level 2. HP: 26/26 MP: 2/2
   331 | D:1      | Reached skill level 4 in Axes
   476 | D:1      | Reached XP level 3. HP: 30/31 MP: 3/3
  1043 | D:2      | Reached skill level 5 in Axes
  1047 | D:2      | Reached XP level 4. HP: 23/39 MP: 4/4
  1547 | D:3      | Noticed Pargi
  1570 | D:3      | Reached skill level 6 in Axes
  1586 | D:3      | Killed Pargi
  1587 | D:3      | Reached skill level 7 in Axes
  1587 | D:3      | Reached XP level 5. HP: 45/45 MP: 5/5
  1708 | D:3      | Found a runed translucent door.
  1709 | D:3      | Noticed Crazy Yiuf
  1784 | D:3      | Noticed Robin
  1821 | D:3      | Killed Robin
  2040 | D:3      | Killed Crazy Yiuf
  2041 | D:3      | Reached skill level 8 in Axes
  2041 | D:3      | Reached XP level 6. HP: 11/51 MP: 6/6
  2186 | D:4      | Noticed a sky beast
  2216 | D:4      | Killed a sky beast
  2366 | D:4      | Reached skill level 9 in Axes
  2465 | D:4      | Reached XP level 7. HP: 57/57 MP: 7/7
  2595 | D:4      | Found a bloodstained altar of Trog.
  2600 | D:4      | Found a blossoming altar of Fedhas.
  2609 | D:4      | Found Caunoif's Distillery.
  2617 | D:4      | Bought 2 potions of might for 112 gold pieces
  2617 | D:4      | Bought a potion of heal wounds for 70 gold pieces
  2631 | D:4      | Reached skill level 10 in Axes
  2634 | D:4      | Found a transporter.
  2636 | D:4      | Noticed Pimp's ghost (amateur DrFE)
  2684 | D:4      | Found a transporter.
  3052 | D:5      | Entered Level 5 of the Dungeon
  3072 | D:4      | Reached skill level 11 in Axes
  3115 | D:5      | Reached XP level 8. HP: 55/64 MP: 8/8
  3119 | D:5      | Reached skill level 12 in Axes
  3301 | D:5      | Found a sparkling altar of Nemelex Xobeh.
  3301 | D:5      | Found a staircase to the Ecumenical Temple.
  3547 | D:5      | Identified 2 potions of resistance
  3581 | D:6      | Reached skill level 13 in Axes
  3686 | D:6      | Noticed Maggie
  3702 | D:6      | Killed Maggie
  3703 | D:6      | Reached skill level 14 in Axes
  3721 | D:6      | Became a worshipper of Beogh the Brigand
  3735 | D:6      | Reached XP level 9. HP: 70/70 MP: 9/9
  3743 | D:6      | Identified the +0 robe of Weightlessness {Int+2}
  3972 | D:6      | Reached skill level 15 in Axes
  3993 | D:6      | Reached skill level 16 in Axes
  4472 | D:7      | Noticed a hornet
  4477 | D:7      | Killed a hornet
  4478 | D:7      | Reached skill level 17 in Axes
  4603 | D:7      | Reached XP level 10. HP: 70/77 MP: 10/10
  4727 | D:7      | Reached * piety under Beogh
  4858 | D:7      | Reached skill level 4 in Fighting
  4971 | D:7      | Found Duihoset's Armour Shoppe.
  5173 | D:8      | Noticed a two-headed ogre
  5182 | D:8      | Reached skill level 4 in Armour
  5184 | D:8      | Killed a two-headed ogre
  5185 | D:8      | Reached skill level 5 in Fighting
  5185 | D:8      | Reached skill level 18 in Axes
  5325 | D:8      | Reached skill level 5 in Armour
  5337 | D:8      | Reached skill level 6 in Fighting
  5343 | D:8      | HP: 8/83 [yak (13)]
  5568 | D:8      | Reached skill level 6 in Armour
  5689 | D:8      | Reached ** piety under Beogh
  5690 | D:8      | Reached skill level 7 in Fighting
  5836 | D:8      | Noticed Grum
  5850 | D:8      | Killed Grum
  5851 | D:8      | Reached XP level 11. HP: 83/92 MP: 11/11
  6447 | D:9      | Noticed a two-headed ogre
  6456 | D:9      | Killed a two-headed ogre
  6457 | D:9      | Reached skill level 7 in Armour
  6603 | D:9      | Noticed a brown ugly thing
  6624 | D:9      | Killed a brown ugly thing
  6625 | D:9      | Reached skill level 8 in Fighting
  6625 | D:9      | Reached skill level 19 in Axes
  6643 | D:9      | HP: 4/94 [centaur/arrow (11)]
  6643 | D:9      | Shot with an arrow by a centaur

Vanquished Creatures
  2 two-headed ogres
  An ugly thing (D:9)
  Maggie (D:6)
  A hornet (D:7)
  15 yaks
  Grum (D:8)
  A steam dragon (D:9)
  A water moccasin (D:6)
  2 orc warriors (D:8)
  Pargi (D:3)
  2 sky beasts
  2 ice beasts
  3 ogres
  4 wolves (D:8)
  A centaur (D:6)
  2 phantoms
  A kobold brigand (D:7)
  4 bullfrogs
  A necrophage (D:7)
  5 scorpions
  8 wights
  10 killer bees (D:8)
  2 howler monkeys (D:7)
  2 orc priests
  2 hounds (D:5)
  Crazy Yiuf (D:3)
  5 iguanas
  12 orc wizards
  Robin (D:3)
  5 adders
  7 gnolls
  An ufetubus (D:6)
  A worm (D:2)
  2 dart slugs
  25 orcs
  5 ball pythons
  4 bats
  7 endoplasms
  4 giant cockroaches
  17 goblins
  6 hobgoblins
  4 jackals (D:4)
  11 kobolds
  4 quokkas
  6 frilled lizards
  7 rats
210 creatures vanquished.

Vanquished Creatures (others)
  An orc wizard (D:6)
  An orc (D:6)
  20 plants (D:4)
  3 toadstools (D:8)
25 creatures vanquished.

Grand Total: 235 creatures vanquished

Table legend: (Time is in decaauts)
 A = Elapsed time spent in this place.
 B = Non-inter-level travel time spent in this place.
 C = Inter-level travel time spent in this place.
 D = Time resting spent in this place.
 E = Time spent auto-exploring this place.
 F = Levels seen in this place.
 G = Mean time per level.
                   A        B        C        D        E       F      G
               +--------+--------+--------+--------+--------+-----+--------+
         Total |   6584 |   6414 |    170 |    512 |   4674 |   9 |  731.6 |
       Dungeon |   6584 |   6414 |    170 |    512 |   4674 |   9 |  731.6 |
               +--------+--------+--------+--------+--------+-----+--------+

Top non-repeatable levels by time:
     D:8: 1224 daAuts
     D:4: 986 daAuts
     D:6: 871 daAuts
     D:2: 754 daAuts
     D:3: 717 daAuts
     D:7: 682 daAuts
     D:1: 649 daAuts
     D:5: 502 daAuts
     D:9: 196 daAuts

Table legend:
 A = Non-vault XP
 B = Vault XP
 C = Vault XP percentage of total XP
 D = Non-vault monster count
 E = Vault monster count
 F = Vault count percentage of total count
                 A         B        C        D         E       F
            +---------+---------+-------+---------+---------+-------
      Total |    9500 |    2531 |  21.0 |     168 |      42 |  20.0
            +---------+---------+-------+---------+---------+-------
        D:1 |      34 |       5 |  12.8 |      21 |       4 |  16.0
        D:2 |      59 |       0 |   0.0 |      11 |       0 |   0.0
        D:3 |      22 |     210 |  90.5 |      14 |      15 |  51.7
        D:4 |     254 |     446 |  63.7 |      21 |      13 |  38.2
        D:5 |     655 |       0 |   0.0 |      17 |       0 |   0.0
        D:6 |    2068 |     385 |  15.7 |      21 |       1 |   4.5
        D:7 |    1173 |       0 |   0.0 |      25 |       0 |   0.0
        D:8 |    4413 |     639 |  12.6 |      37 |       5 |  11.9
        D:9 |     822 |     846 |  50.7 |       1 |       4 |  80.0
            +---------+---------+-------+---------+---------+-------
